 Dungeon Crawl Stone Soup version 0.31.0-4-g52a2dc7128 (webtiles) character file.

Game seed: 13330703241106918283

140872 Bobbunny the Slayer (level 16, 0/173 HPs)
             Began as a Minotaur Fighter on Jan 21, 2024.
             Was a High Priest of Okawaru.
             Constricted to death by a naga warrior (3 damage)
             ... on level 2 of the Snake Pit.
             The game lasted 00:43:46 (27567 turns).

Bobbunny the Slayer (Minotaur Fighter)             Turns: 27567, Time: 00:43:47

Health: 0/173      AC: 15    Str: 26    XL:     16   Next: 76%
Magic:  20/22      EV: 12    Int:  7    God:    Okawaru [*****.]
Gold:   1509       SH: 12    Dex: 11    Spells: 15/15 levels left

rFire   . . .        V - +1 broad axe (freeze)
rCold   + + .        j - +0 buckler {rC+}
rNeg    + + .        v - +0 acid dragon scales
rPois   +            O - +0 hat
rElec   .            (no cloak)
rCorr   +            M - +0 pair of gloves of the Cooper {rN++ Will+ SInv}
SInv    +            J - +2 pair of boots {Fly}
Will    ++...        Y - amulet of reflection
Stlth   ++           h - ring of poison resistance
HPRegen 0.48/turn    T - ring of protection from cold
MPRegen 0.18/turn

%: reflection
@: lethally poisoned (0 -> -3), heroic, finesse-ful, flying, constricted
A: horns 2, retaliatory headbutt
a: Renounce Religion, Heroism, Finesse, Duel


You were on level 2 of the Snake Pit.
You worshipped Okawaru.
Okawaru was extremely pleased with you.
You visited 5 branches of the dungeon, and saw 24 of its levels.
You visited 1 bazaar.
You also visited: Bailey, Gauntlet and Ice Cave.

You collected 3635 gold pieces.
You spent 2126 gold pieces at shops.

Inventory:

Hand Weapons
 F - a +2 broad axe of electrocution
 V - a +1 broad axe of freezing (weapon)
Missiles
 q - 35 boomerangs (quivered)
 x - 35 poisoned darts
 E - 19 javelins
 G - 5 curare-tipped darts
 W - 16 silver javelins
Armour
 j - a +0 buckler of cold resistance (worn)
 v - +0 acid dragon scales (worn)
 J - a +2 pair of boots of flying (worn)
 M - the +0 pair of gloves of the Cooper (worn) {rN++ Will+ SInv}
   (Okawaru gifted it to you on level 1 of the Lair of Beasts)

   rN++:      It greatly protects you from negative energy.
   Will+:     It increases your willpower.
   SInv:      It lets you see invisible.
 O - a +0 hat (worn)
Jewellery
 f - a ring of resist corrosion
 h - a ring of poison resistance (left hand)
 p - a +5 ring of evasion
 r - a ring of willpower
 Q - a ring of fire
 T - a ring of protection from cold (right hand)
 Y - an amulet of reflection (around neck)
Wands
 c - a wand of flame (29)
 i - a wand of iceblast (16)
 y - a wand of mindburst (31)
 H - a wand of quicksilver (19)
 P - a wand of digging (7)
Scrolls
 a - 4 scrolls of revelation
 m - a scroll of poison
 s - 5 scrolls of identify
 u - 3 scrolls of immolation
 w - 4 scrolls of torment
 A - 10 scrolls of teleportation
 C - 5 scrolls of fog
 D - a scroll of silence
 I - 3 scrolls of vulnerability
 N - 2 scrolls of blinking
 X - a scroll of amnesia
 Z - 2 scrolls of fear
Potions
 d - 6 potions of might
 e - 5 potions of haste
 g - a potion of mutation
 k - 2 potions of ambrosia
 l - 8 potions of curing
 n - 4 potions of resistance
 t - 7 potions of enlightenment
 z - 3 potions of cancellation
 B - 4 potions of lignification
 K - 2 potions of invisibility
 L - 2 potions of attraction
Miscellaneous
 S - a phial of floods


   Skills:
 + Level 23.7(27) Fighting
 + Level 16.4(21.4) Axes
 + Level 10.5(15.5) Throwing
 - Level 10.0(15.0) Armour
 + Level 6.2(11.2) Dodging
 + Level 8.6(13.6) Shields
 - Level 10.0 Invocations
 - Level 5.0 Evocations


You had 15 spell levels left.
You didn't know any spells.
Your spell library contained the following spells:

 Spells                   Type           Power      Damage    Failure   Level
 Apportation              Tloc           0%         N/A       52%         1
 Necrotise                Necr           0%         1d4       52%         1
 Slow                     Hex            0%         N/A       52%         1
 Sting                    Conj/Alch      0%         1d3       52%         1
 Blink                    Tloc           0%         N/A       65%         2
 Lesser Beckoning         Tloc           0%         N/A       65%         2
 Momentum Strike          Conj/Tloc      0%         3d8       65%         2
 Confusing Touch          Hex            0%         N/A       87%         3
 Dazzling Flash           Conj/Hex       0%         N/A       87%         3
 Mephitic Cloud           Conj/Alch/Air  0%         N/A       87%         3
 Leda's Liquefaction      Alch/Erth      0%         N/A       99%         4
 Curse of Agony           Necr           0%         N/A       100%        5
 Freezing Cloud           Conj/Ice/Air   0%         6-21      100%        5
 Lee's Rapid Deconstruct  Erth           0%         3d4*      100%        5
 Silence                  Hex/Air        0%         N/A       100%        5
 Bombard                  Conj/Erth      0%         9d1       100%        6
 Ozocubu's Refrigeration  Ice            0%         4d7       100%        7
 Polar Vortex             Ice            0%         N/A       100%        9
 Summon Small Mammal      Summ           Unusable   N/A       N/A         1
 Sculpt Simulacrum        Ice/Alch       Unusable   N/A       N/A         6

Dungeon Overview and Level Annotations

Branches:
Dungeon (15/15)            Temple (1/1) D:4            Lair (5/5) D:10
 Shoals (0/4) Lair:3        Snake (3/4) Lair:2        Slime (0/5) Lair:5
    Orc (2/2) D:9             Elf (0/3) Orc:2        Vaults (0/5) D:13
 Depths (0/4) D:15         Bailey (visited)           IceCv (visited)
Gauntlet (visited)

Altars:
Ashenzari
Cheibriados
Dithmenos
Elyvilon
Kikubaaqudgha
Makhleb
Nemelex Xobeh
Okawaru
Sif Muna
Vehumet
Wu Jian
Xom
Zin
The Shining One
Jiyva

Shops:
D:7 (   D:10 :!(   Orc:2 *:*[

Portals:
Pandemonium: Orc:2


Innate Abilities, Weirdness & Mutations

You have a pair of horns on your head.
You reflexively headbutt those who attack you in melee.


Message History

The naga mage shouts!
The naga mage resists with some effort.
You feel very sick.
You hear an angry hiss.
* * * LOW HITPOINT WARNING * * *
You are more poisoned. x2
A mana viper comes into view.
The naga misses you.
The naga mage casts a spell.
The naga mage seems to speed up.
The naga barely misses you.
Blink to where?
Press: ? - help, Dir - move target A black mamba and a naga come into view.
Found 6 atropa-tipped darts.
As you read the scroll of blinking, it crumbles to dust.
You feel very sick. The naga mage spits poison at you.
The splash of poison hits you but does no damage.
You resist. You block the naga mage's attack.
You feel very sick. You block the naga mage's attack.
The naga mage hits you from afar with a +0 spear.
* * * LOW HITPOINT WARNING * * *
The naga warrior spits poison at you.
You block the splash of poison... and reflect it back!
The splash of poison hits the naga warrior.
The naga mage hits you from afar with a +0 spear.
* * * LOW HITPOINT WARNING * * *
The black mamba hisses angrily.
You fly upwards.
You feel yourself speed up.
You feel very sick.
There is a stone staircase leading down here.
You slice the naga warrior!! You freeze the naga warrior.
You headbutt the naga warrior.
The naga warrior is moderately wounded.
The naga warrior hits you with a +0 short sword!!
* * * LOW HITPOINT WARNING * * *
The naga warrior grabs you. The naga warrior constricts you.
You die...

#...##....# ##..
#...##....## ###
#...##.##..#
#...#..#...#
###...#.##.#.#
#....##.##.#.##
#....##.##....# #
#....#...#....# ####
####@.........####...
#.N......##........
#..##....#####.....
#..####..# #.....##
#..# #### #.....#
#..# #...### ####
#####


You could see a naga warrior (catching breath).

Vanquished Creatures
  Vashnia (Snake:2)
  A nagaraja (Snake:3)
  A frost giant (D:15)
  A reaper (IceCv)
  The ghost of SuperJoe the Markstengu, a journeyman TeDe of Lugonu (Lair:5)
  The ghost of astronautguy the Pandemonic, a journeyman GrMo of Makhleb (Orc:1)
  2 minotaurs
  Fannar (Lair:2)
  4 vault guards (D:13)
  Erica (D:10)
  2 demonspawn (Orc:2)
  3 ogre magi (D:15)
  6 catoblepae
  13 centaur warriors
  2 hydras
  6 anacondas
  3 boulder beetles
  13 two-headed ogres
  5 tengu warriors
  10 death yaks
  3 naga warriors
  5 orc high priests (Orc:2)
  8 naga sharpshooters
  3 shock serpents
  A sun demon (Orc:2)
  A soul eater (Orc:2)
  Amaemon (Lair:3)
  4 skysharks
  2 salamander mystics
  3 mana vipers
  A naga ritualist (Snake:2)
  A lindwurm (Lair:4)
  7 orc knights
  5 deep elf pyromancers
  An oklob plant (Lair:1)
  The ghost of tdog the Covert, a novice SpBr of Okawaru (D:7)
  6 ugly things
  6 orc sorcerers (Orc:2)
  3 salamanders (Snake:2)
  5 manticores
  5 cyclopes
  3 kobold blastminers
  4 elephants (Lair:5)
  14 black mambas
  3 torpor snails
  A smoke demon (Orc:2)
  2 ice statues
  4 slime creatures (D:12)
  Maggie (D:7)
  6 naga magi
  9 cane toads
  A gargoyle (D:13)
  A minotaur zombie (Gauntlet)
  An orange demon (Lair:3)
  2 unseen horrors
  5 rime drakes
  13 komodo dragons
  A kobold demonologist (D:13)
  An ice devil (IceCv)
  3 yaktaurs (D:14)
  8 trolls
  3 tengu conjurers
  3 polar bears
  A wolf spider simulacrum (D:14)
  6 blink frogs
  A shadow (D:9)
  87 yaks
  4 wraiths
  6 wyverns
  4 basilisks
  A dire elephant simulacrum (IceCv)
  Grum (D:8)
  20 vampire mosquitoes
  4 steam dragons
  2 wargs
  12 nagas
  A death yak simulacrum (IceCv)
  A chaos spawn (Orc:2)
  An acid dragon (D:9)
  A hydra simulacrum (IceCv)
  47 orc warriors
  20 water moccasins
  21 wolves
  10 ogres
  A black bear (Lair:2)
  4 centaurs
  2 kobold brigands
  14 bullfrogs
  2 gnoll sergeants
  4 two-headed ogre simulacra (IceCv)
  2 scorpions
  A cane toad simulacrum (IceCv)
  9 wights
  6 elephant simulacra (IceCv)
  5 killer bees
  3 howler monkeys
  A bombardier beetle (D:4)
  5 jellies (Lair:5)
  25 orc priests
  A hound (D:7)
  A gnoll bouda (D:2)
  8 iguanas
  18 orc wizards
  9 hell rats (Lair:3)
  4 polar bear simulacra (IceCv)
  4 troll simulacra (IceCv)
  2 spriggan simulacra (IceCv)
  5 wolf simulacra (IceCv)
  3 adders (D:2)
  17 gnolls
  9 river rats (Lair:3)
  5 naga simulacra (IceCv)
  6 white imps (IceCv)
  8 ufetubi (IceCv)
  2 dart slugs
  58 orcs
  6 ball pythons
  10 endoplasms
  5 giant cockroaches
  10 goblins
  6 hobgoblins
  7 jackals (D:1)
  2 quokkas
  6 bats
  8 frilled lizards
  14 kobolds
  9 rats
816 creatures vanquished.

Vanquished Creatures (others)
  An anaconda (Snake:2)
  2 naga sharpshooters
  A mana viper (Snake:2)
  A black mamba (Snake:2)
  A naga mage (Snake:2)
  3 nagas (Snake:2)
  A human (D:10)
  A scorpion (D:7)
11 creatures vanquished.

Grand Total: 827 creatures vanquished

Notes
Turn   | Place    | Note
-------+----------+-------------------------------------------
     0 | D:1      | Bobbunny the Minotaur Fighter began the quest for the Orb.
     0 | D:1      | Reached XP level 1. HP: 19/19 MP: 0/0
   102 | D:1      | Reached skill level 4 in Fighting
   106 | D:1      | Reached XP level 2. HP: 11/27 MP: 1/1
   347 | D:1      | Reached XP level 3. HP: 34/34 MP: 2/2
   647 | D:2      | Identified the +9 hand axe "Halokaon" {vamp, Int+2 SInv}
   754 | D:2      | Reached skill level 5 in Fighting
   754 | D:2      | Reached XP level 4. HP: 34/42 MP: 3/3
   760 | D:2      | Reached XP level 5. HP: 37/48 MP: 4/4
   924 | D:2      | Reached skill level 5 in Axes
  1678 | D:3      | Reached skill level 6 in Fighting
  1875 | D:4      | Reached XP level 6. HP: 57/57 MP: 5/5
  1916 | D:4      | Identified the +6 spear "Seteal" {flame, rElec SInv}
  2005 | D:4      | Found a staircase to the Ecumenical Temple.
  2098 | Temple   | Entered the Ecumenical Temple
  2112 | Temple   | Became a worshipper of Warmaster Okawaru
  2159 | D:4      | You fall into a shaft and drop 3 floors!
  2299 | D:7      | Reached skill level 7 in Fighting
  2337 | D:7      | Reached XP level 7. HP: 66/66 MP: 6/6
  2378 | D:7      | Found a flagged portal.
  2392 | Bailey   | Entered a bailey
  2472 | Bailey   | Identified the +9 mace of the Big Bang {freeze, *Noise
                  | rPois Str+3 Dex+2}
  2485 | Bailey   | Reached skill level 8 in Fighting
  2485 | Bailey   | Reached * piety under Okawaru
  2489 | Bailey   | Reached XP level 8. HP: 21/77 MP: 7/7
  2491 | Bailey   | Reached ** piety under Okawaru
  2492 | Bailey   | Reached skill level 9 in Fighting
  2795 | D:7      | Noticed Maggie
  2806 | D:7      | Killed Maggie
  2807 | D:7      | Reached skill level 10 in Fighting
  2898 | D:7      | Reached skill level 10 in Axes
  2916 | D:7      | Reached *** piety under Okawaru
  2917 | D:7      | Reached XP level 9. HP: 67/86 MP: 8/8
  3227 | D:7      | Found a runed translucent door.
  3229 | D:7      | Noticed tdog's ghost (novice SpBr)
  3280 | D:7      | Found Hyveed's Antique Weapon Emporium.
  3348 | D:7      | Killed tdog's ghost
  3349 | D:7      | Reached skill level 11 in Fighting
  3665 | D:8      | Noticed Grum
  3740 | D:7      | Reached skill level 12 in Fighting
  3860 | D:8      | Killed Grum
  3860 | D:8      | Reached **** piety under Okawaru
  4073 | D:8      | Reached skill level 1 in Invocations
  4110 | D:8      | Noticed a two-headed ogre
  4120 | D:8      | Reached skill level 1 in Throwing
  4120 | D:8      | Reached skill level 1 in Evocations
  4121 | D:8      | Killed a two-headed ogre
  4122 | D:8      | Reached XP level 10. HP: 58/100 MP: 6/10
  4521 | D:9      | Found a staircase to the Orcish Mines.
  4593 | D:9      | Reached ***** piety under Okawaru
  4598 | D:9      | Reached skill level 13 in Fighting
  4676 | D:9      | Found the +7 great mace "Firestarter" {flame, immolate,
                  | rFlCloud rF++}
  4677 | D:9      | Noticed a green ugly thing
  4687 | D:9      | Killed a green ugly thing
  4849 | D:9      | Noticed a two-headed ogre
  4849 | D:9      | Noticed a centaur warrior
  4852 | D:9      | Noticed a deep elf pyromancer
  4859 | D:9      | Killed a two-headed ogre
  4864 | D:9      | Noticed a centaur warrior
  4865 | D:9      | Killed a centaur warrior
  4866 | D:9      | Reached XP level 11. HP: 103/107 MP: 5/13
  4883 | D:9      | Reached skill level 5 in Invocations
  4884 | D:9      | Reached skill level 5 in Throwing
  4885 | D:9      | Received a gift from Okawaru
  4890 | D:9      | Killed a deep elf pyromancer
  4895 | D:9      | Killed a centaur warrior
  4896 | D:9      | Reached skill level 5 in Evocations
  4979 | D:9      | Reached skill level 14 in Fighting
  5228 | D:9      | Noticed a centaur warrior
  5229 | D:9      | Noticed a centaur warrior
  5241 | D:9      | Killed a centaur warrior
  5244 | D:9      | Killed a centaur warrior
  5991 | D:10     | Entered Level 10 of the Dungeon
  6000 | D:10     | Reached skill level 15 in Fighting
  6008 | D:10     | Found a staircase to the Lair.
  6146 | D:10     | Noticed Erica
  6161 | D:10     | Killed Erica
  6162 | D:10     | Reached skill level 16 in Fighting
  6165 | D:10     | Received a gift from Okawaru
  6350 | D:10     | Found Bough's Antique Weapon Shoppe.
  6350 | D:10     | Found Laet's Distillery.
  6352 | D:10     | Found Tyrist's Book Shoppe.
  6358 | D:10     | Bought a potion of degeneration for 13 gold pieces
  6358 | D:10     | Bought a potion of haste for 130 gold pieces
  6358 | D:10     | Bought a potion of invisibility for 104 gold pieces
  6358 | D:10     | Bought a potion of brilliance for 52 gold pieces
  6358 | D:10     | Bought a potion of enlightenment for 65 gold pieces
  6358 | D:10     | Bought a potion of cancellation for 104 gold pieces
  6377 | D:10     | Found an ancient bone altar of Kikubaaqudgha.
  7151 | D:11     | Reached XP level 12. HP: 97/124 MP: 14/14
  7678 | Lair:1   | Entered Level 1 of the Lair of Beasts
  7687 | Lair:1   | Reached skill level 17 in Fighting
  7694 | Lair:1   | Reached skill level 1 in Dodging
  7696 | Lair:1   | Identified a scroll of acquirement
  7699 | Lair:1   | Acquired 648 gold pieces
  8045 | Lair:1   | Reached ****** piety under Okawaru
  8046 | Lair:1   | Acquired a +2 broad axe of electrocution
  8046 | Lair:1   | Received a gift from Okawaru
  8050 | Lair:1   | Acquired the +0 pair of gloves of the Cooper {rN++ Will+
                  | SInv}
  8050 | Lair:1   | Received a gift from Okawaru
  8119 | Lair:1   | Noticed a boulder beetle
  8136 | Lair:1   | Killed a boulder beetle
  8136 | Lair:1   | Received a gift from Okawaru
  8137 | Lair:1   | Reached skill level 5 in Armour
  8137 | Lair:1   | Reached skill level 5 in Shields
  8277 | Lair:1   | Found a frozen archway.
  8311 | IceCv    | Entered an ice cave
  8577 | IceCv    | Identified the +11 orcbow of the Hidden Demons {freeze,
                  | ^Drain rC- Dex+10}
  8929 | IceCv    | Noticed a reaper
  8969 | IceCv    | Killed a reaper
  9360 | IceCv    | Identified the staff of Spite {rPois rN+ Will- Int+4 Necro
                  | Tloc}
  9501 | IceCv    | Received a gift from Okawaru
 10423 | Lair:2   | Reached skill level 5 in Dodging
 10441 | Lair:2   | Reached XP level 13. HP: 108/134 MP: 15/15
 10556 | Lair:2   | Noticed Fannar
 10568 | Lair:2   | Killed Fannar
 10580 | Lair:2   | Received a gift from Okawaru
 10976 | Lair:2   | Reached skill level 18 in Fighting
 11090 | Lair:2   | Found a staircase to the Snake Pit.
 11532 | Lair:3   | Identified the +8 hand axe of Huxtiow {flame, rPois rN+
                  | Int+2}
 11585 | Lair:3   | Found a staircase to the Shoals.
 11612 | Lair:3   | Noticed Amaemon
 11624 | Lair:3   | Killed Amaemon
 11624 | Lair:3   | Received a gift from Okawaru
 13497 | Lair:5   | Entered Level 5 of the Lair of Beasts
 13532 | Lair:5   | Received a gift from Okawaru
 13798 | Lair:5   | Found a viscous altar of Jiyva.
 13798 | Lair:5   | Found a staircase to the Slime Pits.
 13829 | Lair:5   | Noticed SuperJoe's ghost (journeyman TeDe)
 13830 | Lair:5   | Noticed a minotaur
 13941 | Lair:5   | Reached XP level 14. HP: 144/144 MP: 13/16
 14154 | Lair:5   | Found a runed translucent gate.
 14154 | Lair:5   | Found a runed translucent gate.
 14275 | Lair:5   | Received a gift from Okawaru
 14276 | Lair:5   | Reached skill level 10 in Armour
 14283 | Lair:5   | Reached skill level 19 in Fighting
 14286 | Lair:5   | Reached skill level 15 in Axes
 14657 | Lair:5   | Found a runed translucent gate.
 15090 | Lair:5   | Killed SuperJoe's ghost
 16248 | D:13     | Found a glowing silver altar of Zin.
 16381 | D:13     | Received a gift from Okawaru
 16661 | D:13     | Found a gate to the Vaults.
 16686 | D:13     | Reached skill level 20 in Fighting
 17608 | D:14     | Reached XP level 15. HP: 136/155 MP: 17/17
 17666 | D:14     | Found a gate leading to a gauntlet.
 17692 | Gauntlet | Entered a Gauntlet
 17692 | Gauntlet | Found a transporter.
 17692 | Gauntlet | Found a transporter.
 17694 | Gauntlet | Found a transporter.
 17698 | Gauntlet | Found a transporter.
 17698 | Gauntlet | Found a transporter.
 17739 | Gauntlet | Found a transporter.
 17742 | Gauntlet | Found a transporter.
 17746 | Gauntlet | Found a transporter.
 17746 | Gauntlet | Found a transporter.
 17747 | Gauntlet | Found a transporter.
 17769 | Gauntlet | Received a gift from Okawaru
 17786 | Gauntlet | Found a runed translucent gate.
 17787 | Gauntlet | Found a runed translucent gate.
 17792 | Gauntlet | Found a runed translucent gate.
 17793 | Gauntlet | Found a transporter.
 17793 | Gauntlet | Found a transporter.
 17898 | Gauntlet | Reached skill level 10 in Throwing
 17918 | Gauntlet | Got the Octavo of Doomed Graupel
 17960 | Gauntlet | Identified the +0 pair of gloves of the Sky {rC+ Regen+}
 17960 | Gauntlet | Identified the +0 scale mail "Uninlek" {rF+}
 18552 | D:14     | Found a shimmering altar of Xom.
 18595 | D:14     | Received a gift from Okawaru
 19233 | D:15     | Entered Level 15 of the Dungeon
 19249 | D:15     | Reached skill level 21 in Fighting
 19888 | D:15     | Found a white marble altar of Elyvilon.
 20042 | D:15     | Found a staircase to the Depths.
 20042 | D:15     | Noticed a frost giant
 20049 | D:15     | Killed a frost giant
 20255 | D:15     | Received a gift from Okawaru
 20905 | Orc:1    | Entered Level 1 of the Orcish Mines
 21563 | Orc:2    | Entered Level 2 of the Orcish Mines
 21677 | Orc:2    | Found Kasom's General Store.
 21684 | Orc:2    | Found Secw's General Store.
 21914 | Orc:2    | Bought a scroll of fear for 60 gold pieces
 21916 | Orc:2    | Bought a potion of heal wounds for 75 gold pieces
 21916 | Orc:2    | Bought a potion of heal wounds for 75 gold pieces
 21916 | Orc:2    | Bought a potion of haste for 150 gold pieces
 21916 | Orc:2    | Bought a scroll of teleportation for 45 gold pieces
 21916 | Orc:2    | Bought a wand of digging (5) for 315 gold pieces
 22341 | Orc:2    | Received a gift from Okawaru
 22350 | Orc:2    | Reached skill level 22 in Fighting
 22352 | Orc:2    | Reached XP level 16. HP: 94/169 MP: 22/22
 22665 | Orc:2    | Reached skill level 10 in Invocations
 22877 | Orc:2    | Found Qizxauh's Antique Armour Shop.
 22877 | Orc:2    | Found Ochynwet's Book Boutique.
 22877 | Orc:2    | Found a one-way gate leading to the halls of Pandemonium.
 22887 | Orc:2    | Bought a pair of dazzling boots for 332 gold pieces
 22887 | Orc:2    | Identified the +0 pair of boots of Sulein {rN++ Int-4} (You
                  | bought it in a shop on level 2 of the Orcish Mines)
 22994 | Orc:2    | Found a staircase to the Elven Halls.
 23501 | Orc:1    | Found a runed translucent gate.
 23501 | Orc:1    | Found a runed translucent gate.
 23505 | Orc:1    | Found a runed translucent gate.
 23505 | Orc:1    | Noticed astronautguy's ghost (journeyman GrMo)
 23708 | Orc:1    | Killed astronautguy's ghost
 24180 | Snake:1  | Entered Level 1 of the Snake Pit
 24648 | Snake:1  | Reached skill level 23 in Fighting
 25402 | Snake:2  | Found a flickering gateway to a bazaar.
 25418 | Bazaar   | Entered a bazaar
 25537 | Bazaar   | Found Feusewk's Weapon Boutique.
 25555 | Bazaar   | Found Eczil Duc's General Store.
 25555 | Bazaar   | Found Timpec's Jewellery Boutique.
 25580 | Bazaar   | Found Guviezeng's Jewellery Shop.
 25605 | Bazaar   | Bought a ring of willpower for 350 gold pieces
 25614 | Bazaar   | Bought a scroll of teleportation for 21 gold pieces
 25623 | Bazaar   | Bought a wand of quicksilver (8) for 235 gold pieces
 26010 | Snake:2  | Noticed Vashnia
 26033 | Snake:2  | Killed Vashnia
 26033 | Snake:2  | Received a gift from Okawaru
 27405 | Snake:3  | Identified the +1 pair of boots "Urimos" {rF- rCorr MP+9
                  | Int+7}
 27523 | Arena    | Entered the Arena
 27526 | Arena    | HP: 6/172 [constriction[a naga ritualist] (3)]
 27567 | Snake:2  | HP: 3/173 [naga warrior/+0 short sword (20)]
 27567 | Snake:2  | Constricted to death by a naga warrior

Illustrated notes

Levels and vault maps discovered:
D:1:      wander_arrival_fairy_ring, layout_basic
D:2:      layout_basic, minivault_11
D:3:      layout_loops_ring, grunt_decor_one_mirror, minmay_misc_feat_tiny,
          minmay_misc_feat_hallway
D:4:      layout_basic, minmay_temple_entry_glass
D:7:      layout_basic, enter_bailey_3, ebering_ghost_reflecting_pool,
          serial_shops, nicolae_shop_statue_plus,
          hangedman_abyss_or_decor_stabs, uniq_maggie
D:8:      layout_rooms, uniq_grum
D:9:      minmay_the_grid_octo_triangle [minmay_the_grid_octo_horde,
          minmay_the_grid_octo_prize_single_spiral, minmay_the_grid_octo_teeth],
          layout_stronghold, minmay_misc_feat_more_columns
D:10:     layout_rooms, tgw_kikubaaqudgha, david_lair_shrubbed,
          nicolae_shop_distant_corner_stores, uniq_erica
D:11:     layout_roguey
D:12:     layout_roguey
D:13:     layout_stronghold, lightli_vaults_fourway_checkpoint, zin_scriptorium
D:14:     layout_loops_ring, gauntlet_entry_generic, xom_confusion_cloud
D:15:     grunt_enter_depths_snipers, layout_small_grid, elyvilon_altar_4
Temple:   nicolae_temple_ecumenical_triangle
Lair:1:   layout_cave_shapes, portal_ice_cave_entry_pillars_2,
          grunt_megastairs_3
Lair:2:   beast_lair_carwin_large_3, layout_hall_layers,
          minmay_snake_entry_six_corridors, grunt_megastairs_2,
          lemuel_fruit_tree, uniq_fannar
Lair:3:   layout_gridlike, shoals_dummy_entry, minivault_26, st_stairs_5,
          kennysheep_rathole, uniq_amaemon
Lair:4:   layout_concentric_octagons
Lair:5:   evilmike_catoblepas_cave, layout_loops_ring,
          nicolae_slime_entry_slimehenge, maelrawn_ghost_gauntlet_escape
Snake:1:  layout_honeycomb, grunt_megastairs_5
Snake:2:  layout_misc_corridors, serial_shops, freezing_bzr, uniq_vashnia
Snake:3:  layout_rooms, nicolae_triple_integral
Orc:1:    minmay_goldmine, layout_diamond_mine, ebering_ghost_rock_garden
Orc:2:    pf_orc_diabolical, layout_diamond_mine

Skill      XL: |  1  2  3  4  5  6  7  8  9 10 11 12 13 14 15 16 |
---------------+-------------------------------------------------+-----
Fighting       | 4 5 6 7 8 10 12 13 16 17 18 20 22 23 | 23.7
Axes           | 3 4 5 6 8 10 12 13 14 16 | 16.4
Invocations    | 2 4 5 9 10 | 10.0
Throwing       | 2 4 6 7 9 10 | 10.5
Evocations     | 2 4 5 |  5.0
Armour         | 6 9 10 | 10.0
Dodging        | 5 6 |  6.2
Shields        | 5 7 8 |  8.6

Action                     |  1- 3 |  4- 6 |  7- 9 | 10-12 | 13-15 | 16-18 || total
---------------------------+-------+-------+-------+-------+-------+-------++-------
  Melee: War axe           |    59 |       |       |       |       |       ||    59
         Headbutt          |     9 |     7 |    22 |   149 |   212 |    81 ||   480
         Hand axe          |    11 |    68 |   149 |   574 |    58 |       ||   860
         Broad axe         |       |       |       |       |   808 |   312 ||  1120
  Throw: Boomerang         |       |       |       |       |    27 |    10 ||    37
         Javelin           |       |       |       |       |    27 |     3 ||    30
 Invoke: Heroism           |       |       |     3 |     8 |     7 |     2 ||    20
         Finesse           |       |       |       |     1 |     7 |     4 ||    12
         Receive Weapon    |       |       |       |     1 |       |       ||     1
         Receive Armour    |       |       |       |     1 |       |       ||     1
         Duel              |       |       |       |       |       |     1 ||     1
  Evoke: Wand              |       |       |       |       |       |     1 ||     1
    Use: Potion            |       |       |     1 |       |       |     5 ||     6
         Scroll            |       |       |       |    10 |    14 |     6 ||    30
 Armour: Scale mail        |    52 |       |       |       |       |       ||    52
         Chain mail        |    10 |    18 |       |       |       |       ||    28
         Plate armour      |       |    29 |    30 |       |       |       ||    59
         Acid dragon scale |       |       |    60 |   295 |   405 |   173 ||   933
  Dodge: Dodged            |    39 |    19 |    76 |   256 |   533 |   136 ||  1059
  Block: Buckler           |    17 |    21 |    45 |   120 |   276 |   153 ||   632
         Reflection        |       |       |       |       |    19 |    27 ||    46
